 Dungeon Crawl Stone Soup version 0.19.5 (webtiles) character file.

1330 Gargoyl the Chopper (level 8, 0/67 HPs)
             Began as a Ghoul Abyssal Knight on Apr 14, 2017.
             Was a Priest of Lugonu.
             Slain by an orc warrior
             ... wielding a +0 glaive
              (17 damage)
             ... on level 5 of the Dungeon.
             The game lasted 00:11:29 (3957 turns).

Gargoyl the Chopper (Ghoul Abyssal Knight)          Turns: 3957, Time: 00:11:29

Health: 0/67       AC: 15    Str: 16    XL:     8   Next: 60%
Magic:  10/10      EV:  2    Int:  7    God:    Lugonu [***...]
Gold:   336        SH: 11    Dex: 10    Spells: 0 memorised, 7 levels left

rFire  + . .     SeeInvis .     a - +3 hand axe
rCold  + + .     Gourm    .     h - +0 chain mail
rNeg   + + +     Faith    .     d - +1 large shield
rPois  ∞         Spirit   .     (no helmet)
rElec  .         Reflect  .     x - +2 cloak {MR+}
rCorr  .         Harm     .     k - +1 pair of gloves
MR     +....                    (no boots)
Stlth  ..........               (no amulet)
                                v - ring of protection from fire
                                o - ring of protection from cold

@: rotting
A: rotting body, claws 1, carnivore 3, cold resistance 1, negative energy
resistance 3, slow regeneration 1, torment resistance, unbreathing
a: Depart the Abyss, Bend Space, Banish, Renounce Religion


You were on level 5 of the Dungeon.
You worshipped Lugonu.
Lugonu was most pleased with you.
You were not hungry.

You visited 1 branch of the dungeon, and saw 6 of its levels.
You visited the Abyss 1 time.

You collected 336 gold pieces.

Inventory:

Hand Weapons
 a - a +3 hand axe (weapon)
Missiles
 n - 4 tomahawks (quivered)
Armour
 d - a +1 large shield (worn)
 h - a +0 chain mail (worn)
 k - a +1 pair of gloves (worn)
 x - a +2 cloak of magic resistance (worn)
Jewellery
 o - a ring of protection from cold (left hand)
 v - a ring of protection from fire (right hand)
Wands
 g - a wand of polymorph (10/24)
 w - a wand of polymorph (10/24)
 y - a wand of flame (38/48)
Scrolls
 e - 2 scrolls of amnesia
 f - 2 scrolls of fear
 p - 4 scrolls of identify
 z - 2 scrolls of recharging
 C - a scroll of teleportation
Potions
 j - a potion of haste
 l - 2 potions of magic {unknown}
 m - 6 potions of flight
 q - a potion of brilliance {unknown}
 r - 2 potions of agility {unknown}
 s - a potion of ambrosia {unknown}
 t - a potion of cancellation {unknown}
 B - a potion of might {unknown}
Books
 i - a book of Minor Magic

   Spells                             Type                      Level
   a - Magic Dart                     Conjuration                  1
   b - Blink                          Translocation                2
   c - Call Imp                       Summoning                    2
   d - Repel Missiles                 Charms/Air                   2
   e - Slow                           Hexes                        2
   f - Conjure Flame                  Conjuration/Fire             3
   g - Mephitic Cloud                 Conjuration/Poison/Air       3
 u - a book of Changes

   Spells                             Type                      Level
   a - Beastly Appendage              Transmutation                1
   b - Sticks to Snakes               Transmutation                2
   c - Spider Form                    Transmutation/Poison         3
   d - Ice Form                       Ice/Transmutation            4
   e - Blade Hands                    Transmutation                5
 A - a book of Callings

   Spells                             Type                      Level
   a - Summon Small Mammal            Summoning                    1
   b - Call Imp                       Summoning                    2
   c - Call Canine Familiar           Summoning                    3
   d - Summon Guardian Golem          Hexes/Summoning              3
   e - Summon Lightning Spire         Summoning/Air                4
   f - Summon Ice Beast               Ice/Summoning                4
Comestibles
 c - a meat ration


   Skills:
 + Level 4.9 Fighting
 + Level 5.8 Axes
 * Level 5.4 Armour
 + Level 2.2 Dodging
 * Level 4.8 Invocations


You had 7 spell levels left.
You didn't know any spells.

Dungeon Overview and Level Annotations

Branches:
Dungeon (6/15)             Temple (0/1) D:5

Altars:
Yredelemnul


Innate Abilities, Weirdness & Mutations

Your body is rotting away.
You thrive on raw meat.
You are immune to poison.
You have sharp fingernails.
You are carnivorous and can eat meat at any time.
Your flesh is cold resistant. (rC+)
You are immune to negative energy. (rN+++)
You regenerate slowly when monsters are visible.
You are immune to unholy pain and torment.
You can survive without breathing.


Message History

The orc warrior hits you with a glaive!
Unknown command.
Unknown command.
You hit the orc warrior.
The orc warrior is moderately wounded.
You block the orc warrior's attack.
You hit the orc warrior.
The orc warrior is heavily wounded.
The orc warrior hits you with a glaive!
* * * LOW HITPOINT WARNING * * *
Unknown command.
Things that are here:
a hand axe; an orc corpse You butcher the orc corpse.
You block the orc warrior's attack.
Things that are here:
a hand axe; 2 chunks of flesh Eat one of 2 chunks of flesh? (ye/n/q)
You start eating one of the 2 chunks of flesh.
The orc warrior hits you with a glaive!
You die...

#.........#####....#####.........
.........## ##.#.## #.........
.........# #####.#..## #.........
.........###...?.##..# #..)......
.........##.....####.####........
.........#.......# #............#
#...<...##......[# ######...#####
##.....###......>##########....#.
####### ##.....@o...............
######## #.......##############..
.......# #.[[....# #..#
<#####.###.......# ##.## ..#
#..........## #..## #.##
#####.#...##### #%.# #..#
#.........###### #.## ##.#
#########......# #.# ##.##
######.#####.###


You could see an orc warrior.

Vanquished Creatures
  Sigmund (D:4)
  A sky beast (D:5)
  An ogre (D:4)
  A centaur (D:6)
  2 bullfrogs (D:6)
  A scorpion (D:6)
  3 howler monkeys
  A jelly (D:5)
  An orc wizard (D:6)
  4 orc priests
  Crazy Yiuf (D:4)
  An iguana (D:4)
  Ijyb (D:3)
  Natasha (D:3)
  6 worker ants
  A howler monkey zombie (D:6)
  4 gnolls (D:5)
  5 adders
  An ooze (D:5)
  An adder skeleton (D:5)
  A dart slug (D:1)
  4 leopard geckos
  16 orcs
  A ball python (D:4)
  6 giant cockroaches
  13 goblins
  5 hobgoblins
  8 kobolds
  2 quokkas
  10 bats
  3 frilled lizards
  A jackal skeleton (D:6)
  2 leopard gecko skeletons
  A quokka skeleton (D:4)
  A quokka zombie (D:6)
  9 rats
121 creatures vanquished.

Notes
Turn   | Place    | Note
-------+----------+-------------------------------------------
     0 | Abyss:1  | Gargoyl the Ghoul Abyssal Knight began the quest for the Orb.
     0 | Abyss:1  | Reached XP level 1. HP: 19/19 MP: 1/1
     1 | Abyss:1  | Found a corrupted altar of Lugonu.
    95 | Abyss:1  | Noticed a thrashing horror
    96 | D:1      | Escaped the Abyss
   106 | D:1      | Reached * piety under Lugonu
   234 | D:1      | Reached XP level 2. HP: 24/25 MP: 2/2
   508 | D:1      | Reached skill level 1 in Dodging
   593 | D:1      | Reached XP level 3. HP: 31/33 MP: 3/3
   957 | D:2      | Reached ** piety under Lugonu
  1131 | D:2      | Reached XP level 4. HP: 40/40 MP: 5/5
  1509 | D:3      | Found a basalt altar of Yredelemnul.
  1971 | D:2      | Reached XP level 5. HP: 43/45 MP: 6/6
  2183 | D:3      | Noticed Ijyb
  2211 | D:3      | Killed Ijyb
  2211 | D:3      | Reached XP level 6. HP: 30/52 MP: 7/7
  2258 | D:3      | Noticed Natasha
  2267 | D:3      | Killed Natasha
  2317 | D:4      | Reached *** piety under Lugonu
  2568 | D:4      | Noticed Sigmund
  2623 | D:4      | Killed Sigmund
  2623 | D:4      | Reached XP level 7. HP: 54/59 MP: 8/8
  2982 | D:4      | Found a runed door.
  2986 | D:4      | Noticed Crazy Yiuf
  2995 | D:4      | Killed Crazy Yiuf
  3120 | D:5      | Entered Level 5 of the Dungeon
  3269 | D:5      | Reached XP level 8. HP: 57/66 MP: 10/10
  3345 | D:5      | Reached skill level 5 in Armour
  3560 | D:5      | Found a staircase to the Ecumenical Temple.
  3665 | D:6      | Reached skill level 5 in Axes
  3957 | D:5      | Slain by an orc warrior

Skill      XL: |  1  2  3  4  5  6  7  8 |
---------------+-------------------------+-----
Armour         | 2 3 4 5 |  5.4
Dodging        | 1 2 |  2.2
Axes           | 2 3 4 5 |  5.8
Invocations    | 3 4 |  4.8
Fighting       | 4 |  4.9

Action                   |  1- 3 |  4- 6 |  7- 9 || total
-------------------------+-------+-------+-------++-------
Melee: Hand axe          |   131 |   191 |   198 ||   520
Invok: Depart the Abyss  |     1 |       |       ||     1
  Use: Scroll            |     8 |     3 |     3 ||    14
       Potion            |       |     5 |       ||     5
  Eat: Chunk             |    10 |    25 |    26 ||    61
Armor: Leather armour    |    11 |       |       ||    11
       Chain mail        |   127 |   131 |   126 ||   384
Dodge: Dodged            |    10 |    15 |     9 ||    34
Block: Large shield      |   114 |   115 |   148 ||   377
